TOP OF THE 1ST |
Greenville 84s batting - Pitching for Chicago Machine : RHP Chris Spencer
|
Pitching: RHP Chris Spencer
|
|
Batting: LHB Vicente Bueno
|
0-0: Ball 1-0: Called Strike 1-1: Fly out, F6 (Popup, 6D)
|
Batting: RHB Greg Handrahan
|
0-0: Ball 1-0: Ball 2-0: Fly out, F4 (Line Drive, 4)
|
Batting: LHB Jimmy Vickers
|
0-0: Ball 1-0: Foul Ball, location: 2F 1-1: Foul Ball, location: 2F 1-2: Ball 2-2: Strikes out swinging
|
Top of the 1st over - 0 run(s), 0 hit(s), 0 error(s), 0 left on base; Greenville 0 - Chicago 0 |
BOTTOM OF THE 1ST |
Chicago Machine batting - Pitching for Greenville 84s : LHP Osvaldo Cruz
|
Pitching: LHP Osvaldo Cruz
|
|
Batting: LHB Marcos Vargas
|
0-0: Ball 1-0: Called Strike 1-1: Ball 2-1: Foul Ball, location: 2F 2-2: Ball 3-2: Strikes out looking
|
Batting: LHB Francisco Vega
|
0-0: Ball 1-0: Ground out 5-3 (Groundball, 56)
|
Batting: LHB Domingo Flores
|
0-0: Foul Ball, location: 2F 0-1: Ball 1-1: Ball 2-1: Foul Ball, location: 2F 2-2: Foul Ball, location: 2F 2-2: SINGLE (Line Drive, 4MD)
|
Batting: LHB Bob Smith
|
0-0: Called Strike 0-1: Ball 1-1: Ground out U3 (Groundball, 3S)
|
Bottom of the 1st over - 0 run(s), 1 hit(s), 0 error(s), 1 left on base; Greenville 0 - Chicago 0 |
TOP OF THE 2ND |
Greenville 84s batting - Pitching for Chicago Machine : RHP Chris Spencer
|
Batting: LHB Paco Rosas
|
0-0: Ball 1-0: Fly out, F9 (Line Drive, 9M)
|
Batting: LHB Kiyonaga Morita
|
0-0: Ball 1-0: Called Strike 1-1: Ball 2-1: Fly out, F7 (Line Drive, 78M)
|
Batting: RHB Alex Gilbert
|
0-0: Ball 1-0: Fly out, F8 (Flyball, 8RD)
|
Top of the 2nd over - 0 run(s), 0 hit(s), 0 error(s), 0 left on base; Greenville 0 - Chicago 0 |
BOTTOM OF THE 2ND |
Chicago Machine batting - Pitching for Greenville 84s : LHP Osvaldo Cruz
|
Batting: RHB Fabrice Brodeur
|
0-0: Called Strike 0-1: Called Strike 0-2: Ground out 6-3 (Groundball, 6)
|
Batting: RHB Wilson Gonzáles
|
0-0: Ball 1-0: Ball 2-0: Ground out 6-3 (Groundball, 6)
|
Batting: RHB Derek Ramsey
|
0-0: Ball 1-0: Ground out 4-3 (Groundball, 13)
|
Bottom of the 2nd over - 0 run(s), 0 hit(s), 0 error(s), 0 left on base; Greenville 0 - Chicago 0 |
TOP OF THE 3RD |
Greenville 84s batting - Pitching for Chicago Machine : RHP Chris Spencer
|
Batting: LHB Luis Zúńiga
|
0-0: Ball 1-0: Fly out, F5 (Popup, 5SF)
|
Batting: LHB Al Mills
|
0-0: Ball 1-0: Fly out, F3 (Popup, 34S)
|
Batting: LHB Mario Cornelo
|
0-0: Called Strike 0-1: Ball 1-1: Ball 2-1: SINGLE (Line Drive, 4MD)
|
Batting: LHB Vicente Bueno
|
0-0: Called Strike 0-1: Foul Ball, location: 2F 0-2: Ball 1-2: Ground out 1-3 (Groundball, 15)
|
Top of the 3rd over - 0 run(s), 1 hit(s), 0 error(s), 1 left on base; Greenville 0 - Chicago 0 |
BOTTOM OF THE 3RD |
Chicago Machine batting - Pitching for Greenville 84s : LHP Osvaldo Cruz
|
Batting: RHB Edward Young
|
0-0: Swinging Strike 0-1: Ball 1-1: Ball 2-1: SINGLE (Line Drive, 78S)
|
Batting: RHB José Bautista
|
0-0: Ball 1-0: Ball 2-0: Called Strike 2-1: Ground out 5-3 (Groundball, 56S) Edward Young to second
|
Batting: LHB Marcos Vargas
|
0-0: Swinging Strike 0-1: Foul Ball, location: 2F 0-2: Strikes out swinging
|
Batting: LHB Francisco Vega
|
0-0: Ball 1-0: Foul Ball, location: 2F 1-1: DOUBLE (Line Drive, 7LS) Edward Young scores
|
Batting: LHB Domingo Flores
|
0-0: Called Strike 0-1: Swinging Strike 0-2: Ball 1-2: Ball 2-2: SINGLE (Line Drive, 4D) Francisco Vega to third Runner from 3rd tries for Home, SAFE, no throw or cutoff
|
Batting: LHB Bob Smith
|
0-0: Fly out, F6 (Popup, 56D)
|
Bottom of the 3rd over - 2 run(s), 3 hit(s), 0 error(s), 1 left on base; Greenville 0 - Chicago 2 |
TOP OF THE 4TH |
Greenville 84s batting - Pitching for Chicago Machine : RHP Chris Spencer
|
Batting: RHB Greg Handrahan
|
0-0: SINGLE (Groundball, 6M)
|
Batting: LHB Jimmy Vickers
|
0-0: Called Strike 0-1: Called Strike 0-2: Foul Ball, location: 2F 0-2: Ball 1-2: Ball 2-2: Ball Greg Handrahan steals 2nd base 3-2: Fly out, F6 (Popup, 56)
|
Batting: LHB Paco Rosas
|
0-0: Called Strike 0-1: Ball 1-1: Fly out, F9 (Flyball, 89D) Runner from 2nd tags up, SAFE at 3rd, no throw
|
Batting: LHB Kiyonaga Morita
|
0-0: SINGLE (Flyball, 78S) Greg Handrahan scores
|
Batting: RHB Alex Gilbert
|
0-0: Ball 1-0: Called Strike 1-1: Ball 2-1: Fly out, F3 (Popup, 3F)
|
Top of the 4th over - 1 run(s), 2 hit(s), 0 error(s), 1 left on base; Greenville 1 - Chicago 2 |
BOTTOM OF THE 4TH |
Chicago Machine batting - Pitching for Greenville 84s : LHP Osvaldo Cruz
|
Batting: RHB Fabrice Brodeur
|
0-0: Ball 1-0: Ball 2-0: Swinging Strike 2-1: Swinging Strike 2-2: Foul Ball, location: 2F 2-2: SINGLE (Line Drive, 56D)
|
Batting: RHB Wilson Gonzáles
|
0-0: Swinging Strike 0-1: Called Strike 0-2: Strikes out swinging
|
Batting: RHB Derek Ramsey
|
0-0: Fielders Choice at 2nd, 1-4 (Groundball, 13)
|
Batting: RHB Edward Young
|
0-0: Fly out, F9 (Line Drive, 9S)
|
Bottom of the 4th over - 0 run(s), 1 hit(s), 0 error(s), 1 left on base; Greenville 1 - Chicago 2 |
TOP OF THE 5TH |
Greenville 84s batting - Pitching for Chicago Machine : RHP Chris Spencer
|
Batting: LHB Luis Zúńiga
|
0-0: Ball 1-0: Foul Ball, location: 2F 1-1: Ball 2-1: SINGLE (Groundball, 23) (infield hit)
|
Batting: LHB Al Mills
|
0-0: Ball 1-0: Foul Ball, location: 2F 1-1: Foul Ball, location: 2F 1-2: Foul Ball, location: 2F 1-2: SINGLE (Line Drive, 6D) Luis Zúńiga to second
|
Batting: LHB Mario Cornelo
|
0-0: Called Strike 0-1: Ball 1-1: Swinging Strike 1-2: DOUBLE (Line Drive, 78S) Luis Zúńiga scores Al Mills to third
|
Batting: LHB Vicente Bueno
|
0-0: Ball 1-0: Ball 2-0: Called Strike 2-1: Ball 3-1: Base on Balls
|
Batting: RHB Greg Handrahan
|
0-0: Foul Ball, location: 2F 0-1: Ball 1-1: Called Strike 1-2: Fly out, F2 (Popup, 2RF)
|
Batting: LHB Jimmy Vickers
|
0-0: Fly out, F8 (Flyball, 8RXD) Runner from 3rd tags up, SCORES, no throw Mario Cornelo to third
|
Batting: LHB Paco Rosas
|
0-0: Ball 1-0: DOUBLE (Flyball, 8RXD) Mario Cornelo scores Vicente Bueno to third Runner from 3rd tries for Home, SAFE, no throw or cutoff
|
Batting: LHB Kiyonaga Morita
|
0-0: Ball 1-0: Ball 2-0: Called Strike 2-1: Ball 3-1: Base on Balls
|
Batting: RHB Alex Gilbert
|
0-0: Fielders Choice at 2nd, U6 (Groundball, 6M)
|
Top of the 5th over - 4 run(s), 4 hit(s), 0 error(s), 2 left on base; Greenville 5 - Chicago 2 |
BOTTOM OF THE 5TH |
Chicago Machine batting - Pitching for Greenville 84s : LHP Osvaldo Cruz
|
Batting: RHB José Bautista
|
0-0: Ball 1-0: Swinging Strike 1-1: Ball 2-1: Ground out 4-3 (Groundball, 4)
|
Batting: LHB Marcos Vargas
|
0-0: Ball 1-0: Fly out, F3 (Line Drive, 3S)
|
Batting: LHB Francisco Vega
|
0-0: Ball 1-0: Ball 2-0: Ball 3-0: Called Strike 3-1: SINGLE (Groundball, 6MD)
|
Batting: LHB Domingo Flores
|
0-0: Called Strike 0-1: Ball 1-1: Ball 2-1: Ball 3-1: Fly out, F7 (Popup, 78S)
|
Bottom of the 5th over - 0 run(s), 1 hit(s), 0 error(s), 1 left on base; Greenville 5 - Chicago 2 |
TOP OF THE 6TH |
Greenville 84s batting - Pitching for Chicago Machine : RHP Chris Spencer
|
Batting: LHB Luis Zúńiga
|
0-0: Fly out, F6 (Popup, 6MD)
|
Batting: LHB Al Mills
|
0-0: Called Strike 0-1: Foul Ball, location: 2F 0-2: Ball 1-2: Ball 2-2: Fly out, F5 (Popup, 5S)
|
Batting: LHB Mario Cornelo
|
0-0: Foul Ball, location: 2F 0-1: SINGLE (Line Drive, 6D)
|
Batting: LHB Vicente Bueno
|
0-0: Ball 1-0: Ground out U3 (Groundball, 3S)
|
Top of the 6th over - 0 run(s), 1 hit(s), 0 error(s), 1 left on base; Greenville 5 - Chicago 2 |
BOTTOM OF THE 6TH |
Chicago Machine batting - Pitching for Greenville 84s : LHP Osvaldo Cruz
|
Batting: LHB Bob Smith
|
0-0: SINGLE (Line Drive, 4M)
|
Batting: RHB Fabrice Brodeur
|
0-0: Ball 1-0: Called Strike 1-1: Fielders Choice at 2nd, 1-6 (Groundball, 23)
|
Batting: RHB Wilson Gonzáles
|
0-0: 2-RUN HOME RUN (Flyball, 7LD), Distance : 360 ft
|
Batting: RHB Derek Ramsey
|
0-0: Swinging Strike 0-1: Foul Ball, location: 2F 0-2: Ball 1-2: Strikes out swinging
|
Batting: RHB Edward Young
|
0-0: Fly out, F9 (Flyball, 89S)
|
Bottom of the 6th over - 2 run(s), 2 hit(s), 0 error(s), 0 left on base; Greenville 5 - Chicago 4 |
TOP OF THE 7TH |
Greenville 84s batting - Pitching for Chicago Machine : RHP Chris Spencer
|
Batting: RHB Greg Handrahan
|
0-0: Swinging Strike 0-1: Fly out, F7 (Flyball, 7D)
|
Batting: LHB Jimmy Vickers
|
0-0: Ground out 4-3 (Groundball, 4)
|
Batting: LHB Paco Rosas
|
0-0: Ball 1-0: Ball 2-0: Swinging Strike 2-1: Foul Ball, location: 2F 2-2: SINGLE (Line Drive, 56D)
|
Batting: LHB Kiyonaga Morita
|
0-0: Ball 1-0: Called Strike 1-1: Called Strike 1-2: Foul Ball, location: 2F 1-2: Strikes out swinging
|
Top of the 7th over - 0 run(s), 1 hit(s), 0 error(s), 1 left on base; Greenville 5 - Chicago 4 |
BOTTOM OF THE 7TH |
Chicago Machine batting - Pitching for Greenville 84s : LHP Osvaldo Cruz
|
Batting: RHB José Bautista
|
0-0: Foul Ball, location: 2F 0-1: Ball 1-1: DOUBLE (Groundball, 3L)
|
Pitching: LHP Manuel Herrera
|
|
Batting: LHB Marcos Vargas
|
0-0: Ground out 1-3 (Groundball, 15)
|
Batting: LHB Francisco Vega
|
0-0: Ball 1-0: Foul Ball, location: 2F 1-1: SINGLE (Groundball, 56) José Bautista to third Runner from 3rd tries for Home, SAFE, throw made home Francisco Vega to second
|
Pinch Hitting: LHB Eric Wheeler
|
0-0: Fly out, F6 (Popup, 5)
|
Batting: LHB Bob Smith
|
0-0: Ball 1-0: Ball 2-0: Ball 3-0: Called Strike 3-1: Called Strike 3-2: Strikes out swinging
|
Bottom of the 7th over - 1 run(s), 2 hit(s), 0 error(s), 1 left on base; Greenville 5 - Chicago 5 |
TOP OF THE 8TH |
Greenville 84s batting - Pitching for Chicago Machine : RHP Chris Spencer
|
Pitching: RHP César Menéndez
|
|
Now in LF: Eric Wheeler
|
|
Batting: RHB Alex Gilbert
|
0-0: Ground out 6-3 (Groundball, 6)
|
Batting: LHB Luis Zúńiga
|
0-0: Ball 1-0: Foul Ball, location: 2F 1-1: Foul Ball, location: 2F 1-2: Foul Ball, location: 2F 1-2: Foul Ball, location: 2F 1-2: Ball 2-2: Ball 3-2: Ground out 4-3 (Groundball, 34)
|
Batting: LHB Al Mills
|
0-0: Foul Ball, location: 2F 0-1: Fly out, F7 (Popup, 7LS)
|
Top of the 8th over - 0 run(s), 0 hit(s), 0 error(s), 0 left on base; Greenville 5 - Chicago 5 |
BOTTOM OF THE 8TH |
Chicago Machine batting - Pitching for Greenville 84s : LHP Manuel Herrera
|
Batting: RHB Fabrice Brodeur
|
0-0: Ball 1-0: Swinging Strike 1-1: Foul Ball, location: 2F 1-2: Strikes out swinging
|
Batting: RHB Wilson Gonzáles
|
0-0: Ball 1-0: Ball 2-0: Foul Ball, location: 2F 2-1: SINGLE (Groundball, 6D)
|
Batting: RHB Derek Ramsey
|
0-0: Called Strike 0-1: Foul Ball, location: 2F 0-2: Ball 1-2: Ball 2-2: Strikes out swinging
|
Batting: RHB Edward Young
|
0-0: Foul Ball, location: 2F 0-1: Fly out, F8 (Line Drive, 8LD)
|
Bottom of the 8th over - 0 run(s), 1 hit(s), 0 error(s), 1 left on base; Greenville 5 - Chicago 5 |
TOP OF THE 9TH |
Greenville 84s batting - Pitching for Chicago Machine : RHP César Menéndez
|
Pitching: LHP Valentín Reséndez
|
|
Batting: LHB Mario Cornelo
|
0-0: Swinging Strike 0-1: Ball 1-1: Ball 2-1: SINGLE (Popup, 56)
|
Batting: LHB Vicente Bueno
|
0-0: Ball 1-0: Ball 2-0: Bunted foul 2-1: Sac Bunt - play at first, batter OUT! 1-4 Mario Cornelo to second
|
Batting: RHB Greg Handrahan
|
0-0: Intentional Walk
|
Batting: LHB Jimmy Vickers
|
0-0: Foul Ball, location: 2F 0-1: Foul Ball, location: 2F 0-2: Ground out 4-3 (Groundball, 4M) Mario Cornelo to third Greg Handrahan to second
|
Batting: LHB Paco Rosas
|
0-0: SINGLE (Groundball, 4MD) Mario Cornelo scores Greg Handrahan to third Runner from 3rd tries for Home, throw and OUT!
|
Top of the 9th over - 1 run(s), 2 hit(s), 0 error(s), 1 left on base; Greenville 6 - Chicago 5 |
BOTTOM OF THE 9TH |
Chicago Machine batting - Pitching for Greenville 84s : LHP Manuel Herrera
|
Pitching: LHP Francisco Ríos
|
|
Pinch Hitting: RHB Arturo García
|
0-0: Foul Ball, location: 2F 0-1: Swinging Strike 0-2: Strikes out swinging
|
Batting: LHB Marcos Vargas
|
0-0: Called Strike 0-1: Ball 1-1: Foul Ball, location: 2F 1-2: Strikes out swinging
|
Batting: LHB Francisco Vega
|
0-0: Called Strike 0-1: Ball 1-1: Swinging Strike 1-2: Foul Ball, location: 2F 1-2: Strikes out swinging
|
Bottom of the 9th over - 0 run(s), 0 hit(s), 0 error(s), 0 left on base; Greenville 6 - Chicago 5 |
|